 Dungeon Crawl Stone Soup version 5.6-49-g8abd877 (webtiles) character file.

73 Moonstruck the Chopper (level 4, -1/34 HPs)
             Began as a Demonspawn Torpor Knight on Oct 18, 2018.
             Was a Priest of Cheibriados.
             Slain by an adder (2 damage)
             ... in a sewer.
             The game lasted 00:01:37 (1138 turns).

Moonstruck the Chopper (Demonspawn Torpor Knight)   Turns: 1138, Time: 00:01:37

Health: -1/34      AC: 10 (39%)Str: 20  XL:     4   Next: 55%
Magic:  7/7        EV:  6    Int: 21    God:    Cheibriados [3*[89]]
Gold:   145        SH:  0    Dex: 19    Spells: 9/9 levels left

rFire    . . .     SeeInvis .   a - +0 hand axe
rCold    . . .     Faith    .   (no shield)
rNeg     . . .     Spirit   .   b - +0 plate armour {ponderous}
rPois    .         Reflect  .   (no helmet)
rElec    .                      (no cloak)
rCorr    .                      (no gloves)
MR       .....                  (no boots)
Stlth    ..........             (no amulet)
Regen    0.2/turn               (no ring)
MPRegen  0.2/turn               (no ring)

@: lethally poisoned (-1 -> -4), very slow
A: demonic guardian 1, powered by pain 2
a: Bend Time, Temporal Distortion, Renounce Religion


You were in a sewer.
You worshipped Cheibriados.
Cheibriados was most pleased with you.
You were not hungry.

You visited 1 branch of the dungeon, and saw 3 of its levels.
You also visited: Sewer.

You collected 145 gold pieces.

Inventory:

Hand Weapons
 a - a +0 hand axe (weapon)
Armour
 b - a +0 plate armour of ponderousness (worn)
Scrolls
 c - 3 scrolls of teleportation
 d - a scroll of enchant armour
 e - a scroll of immolation
 f - a scroll of amnesia
Potions
 g - 2 potions of invisibility


   Skills:
 + Level 2.3 Fighting
 * Level 4.2 Axes
 + Level 2.1 Armour
 + Level 1.1 Dodging
 * Level 3.2 Invocations


You had 9 spell levels left.
You didn't know any spells.
Your spell library was empty.

Dungeon Overview and Level Annotations

Branches:
Dungeon (3/15)

Altars:
Elyvilon
Jiyva


Innate Abilities, Weirdness & Mutations

A weak demonic guardian rushes to your aid.
You sometimes gain power by taking damage.


Message History

The ball python bites you but does no damage.
The ball python grabs you. The ball python constricts you (0).
You barely miss the adder.
The adder is almost dead.
You hit the ball python (2).
You feel sick. The adder bites you but does no damage.
The ball python bites you but does no damage.
The ball python constricts you (0). The adder barely misses you.
Unknown command.
You closely miss the adder.
The adder is almost dead.
You hit the ball python (2).
You kill the ball python!
Cheibriados thoroughly appreciates the change of pace.
The adder bites you but does no damage.
Unknown command.
You miss the adder.
The adder is almost dead.
The adder bites you (2).
You die...

≈≈≈≈≈≈≈≈≈≈≈≈≈≈≈
≈≈≈≈≈≈≈≈≈≈≈≈≈≈≈
≈≈≈≈≈≈≈≈≈≈≈≈≈≈≈
≈≈≈≈≈≈≈≈≈≈≈≈≈≈≈
≈≈≈≈≈≈≈≈≈≈≈..
≈≈≈≈≈≈≈.≈
#≈≈≈≈# #.∩S#
###@# ###


You could see an adder.

Vanquished Creatures
  2 adders (D:2)
  An ooze (D:1)
  A dart slug (D:1)
  2 quokkas (D:1)
  A ball python (Sewer)
  7 giant cockroaches
  4 goblins
  7 hobgoblins
  3 jackals (D:2)
  9 bats
  A frilled lizard (D:1)
  8 kobolds
  4 rats
50 creatures vanquished.

Vanquished Creatures (collateral kills)
  A worker ant (D:3)
1 creature vanquished.

Grand Total: 51 creatures vanquished

Notes
Turn   | Place    | Note
-------+----------+-------------------------------------------
     0 | D:1      | Moonstruck the Demonspawn Torpor Knight began the quest for the Orb.
     0 | D:1      | Reached XP level 1. HP: 16/16 MP: 2/2
    43 | D:1      | Reached skill level 3 in Axes
    43 | D:1      | Reached skill level 1 in Dodging
    59 | D:1      | Gained mutation: A weak demonic guardian rushes to your aid. [demonic ancestry]
    59 | D:1      | Reached XP level 2. HP: 12/22 MP: 4/4
   123 | D:1      | Reached ** piety under Cheibriados
   244 | D:1      | Gained mutation: You sometimes gain a little power by taking damage. [demonic ancestry]
   244 | D:1      | Reached XP level 3. HP: 26/27 MP: 5/5
   483 | D:2      | Found a white marble altar of Elyvilon.
   563 | D:2      | Reached *** piety under Cheibriados
   567 | D:2      | HP: 1/28 [poisoned by an adder]
   616 | D:2      | HP: 1/28 [adder (3)]
   619 | D:2      | Gained mutation: You sometimes gain power by taking damage. [demonic ancestry]
   619 | D:2      | Reached XP level 4. HP: 1/34 MP: 7/7
   698 | D:2      | Reached skill level 4 in Axes
   751 | D:2      | Found a viscous altar of Jiyva.
  1060 | D:3      | Found a faded altar of an unknown god.
  1090 | D:3      | HP: 1/34 [worker ant (5)]
  1100 | D:3      | Found a glowing drain.
  1120 | D:3      | HP: 1/34 [giant cockroach (1)]
  1127 | Sewer    | Entered a sewer
  1135 | Sewer    | HP: 1/34 [adder (2)]
  1138 | Sewer    | Slain by an adder

Skill      XL: |  1  2  3  4 |
---------------+-------------+-----
Axes           | 3 4 |  4.2
Dodging        | 1 |  1.1
Invocations    | 3 |  3.2
Armour         | 2 |  2.1
Fighting       | |  2.3

Action                   |  1- 3 |  4- 6 || total
-------------------------+-------+-------++-------
Melee: Hand axe          |   122 |    51 ||   173
Armor: Plate armour      |   134 |    29 ||   163
Dodge: Dodged            |    45 |    16 ||    61
